 Dungeon Crawl Stone Soup version 0.18.1-48-g4cf74bf (webtiles) character file.

564 Joat the Cudgeler (level 7, 40/61 HPs)
             Began as a Green Draconian Wanderer on Aug 15, 2016.
             Quit the game on level 4 of the Dungeon.
             The game lasted 00:18:13 (3630 turns).

Joat the Cudgeler (Green Draconian Wanderer)        Turns: 3630, Time: 00:18:14

Health: 40/61      AC:  8    Str: 17    XL:     7   Next: 10%
Magic:  7/7        EV: 12    Int: 13    God:
Gold:   157        SH:  0    Dex:  9    Spells: 0 memorised, 6 levels left

rFire  . . .     SeeInvis .     a - +3 mace
rCold  . . .     Gourm    .     (armour unavailable)
rNeg   . . .     Faith    .     (no shield)
rPois  +         Spirit   .     (helmet restricted)
rElec  .         Dismiss  .     (no cloak)
rCorr  .         Reflect  .     (no gloves)
SustAt .         Harm     .     h - +1 pair of boots
MR     .....                    (no amulet)
Stlth  +.........               (no ring)
                                (no ring)

@: not resistant to hostile enchantments, very unstealthy
A: breathe noxious fumes, unfitting armour, poison resistance, cold-blooded, AC
+6
a: Breathe Noxious Fumes


You were on level 4 of the Dungeon.
You were hungry.

You visited 1 branch of the dungeon, and saw 4 of its levels.

You collected 157 gold pieces.

Inventory:

Hand Weapons
 a - a +3 mace (weapon)
 j - a +0 hand axe of chopping
Armour
 g - a +0 robe
 h - a +1 pair of boots (worn)
Wands
 p - a wand of confusion (16/48)
Scrolls
 b - 4 scrolls of teleportation
 f - a scroll of identify
 i - 2 scrolls of enchant weapon
 k - a scroll of random uselessness {unknown}
Comestibles
 c - a meat ration
 d - 4 bread rations
 o - 3 fruits
 r - a beef jerky


   Skills:
 - Level 5.0 Fighting
   Level 3.0 Long Blades
 - Level 6.3 Maces & Flails
 + Level 3.6 Dodging
 - Level 0.6 Stealth
   Level 1.0 Shields
 - Level 1.0 Evocations


You had 6 spell levels left.
You didn't know any spells.

Dungeon Overview and Level Annotations

Branches:
Dungeon (4/15)
 Temple: D:4-7

Altars:


Innate Abilities, Weirdness & Mutations

You can breathe blasts of noxious fumes.
Your lurid green scales are hard (AC +6).
Your body does not fit into most forms of armour.
Your system is resistant to poisons.
You are cold-blooded and may be slowed by cold attacks.


Message History

You barely miss the ogre.
The ogre is almost dead.
The giant gecko skeleton closely misses you.
The ogre closely misses you.
You hit the ogre.
The ogre is almost dead.
The giant gecko skeleton barely misses you.
The ogre hits you with a giant spiked club.
You hit the ogre.
You kill the ogre!
Your Dodging skill increases to level 3!
You have reached level 7!
Your scales start taking on a lurid green colour.
You learn Poison Magic much quicker.
You can breathe blasts of noxious fumes.
You feel resistant to poisons. The giant gecko skeleton bites you.
The giant gecko skeleton barely misses you.
Okay, then.
Are you sure you want to abandon this character and quit the game? (Confirm with "yes".)

# #####
.##..##...#
.....()@<.#
......Z...#
.(........#
#########+#


You could see a giant gecko skeleton.

Vanquished Creatures
  The ghost of Joat the Magician, an amateur HuWz of Kikubaaqudgha (D:3)
  An ogre (D:4)
  A giant frog (D:3)
  3 orc priests (D:3)
  An orc wizard (D:3)
  Ijyb (D:3)
  A worker ant (D:3)
  3 adders
  A gnoll (D:1)
  2 oozes
  2 worms (D:2)
  3 dart slugs (D:1)
  6 orcs (D:3)
  4 bats
  2 giant cockroaches
  9 goblins
  6 hobgoblins
  7 jackals
  A quokka (D:2)
  5 giant newts
  8 kobolds
  10 rats
78 creatures vanquished.

Notes
Turn   | Place    | Note
--------------------------------------------------------------
     0 | D:1      | Joat the Draconian Wanderer began the quest for the Orb.
     0 | D:1      | Joat set off with: a +2 mace, a scroll of teleportation, a potion of lignification, a bread ration
     0 | D:1      | Reached XP level 1. HP: 19/19 MP: 1/1
   120 | D:1      | Reached XP level 2. HP: 26/26 MP: 2/2
   150 | D:1      | Reached skill level 1 in Dodging
   583 | D:1      | Reached XP level 3. HP: 33/33 MP: 3/3
  1795 | D:2      | Reached XP level 4. HP: 30/40 MP: 4/4
  2572 | D:3      | Noticed Ijyb
  2594 | D:3      | Killed Ijyb
  2594 | D:3      | Reached XP level 5. HP: 44/47 MP: 5/5
  2599 | D:3      | Noticed Joat's ghost (amateur HuWz)
  2638 | D:3      | Reached skill level 6 in Maces & Flails
  2683 | D:3      | Killed Joat's ghost
  2683 | D:3      | Reached skill level 5 in Fighting
  2683 | D:3      | Reached XP level 6. HP: 28/56 MP: 6/6
  3078 | D:3      | Reached skill level 1 in Long Blades
  3183 | D:3      | HP: 2/56 [poisoned by a worker ant]
  3191 | D:3      | HP: 2/56 [poisoned by a worker ant]
  3629 | D:4      | Your scales start taking on a lurid green colour.
  3629 | D:4      | Reached XP level 7. HP: 44/61 MP: 7/7
  3629 | D:4      | Gained mutation: Your system is resistant to poisons. [Green Draconian growth]
  3630 | D:4      | Quit the game

Skill      XL: |  1  2  3  4  5  6 |
---------------+-------------------+-----
Dodging        | 1 2 3 |  3.6
Fighting       | 4 5 |  5.0
Maces & Flails | 6 |  6.3
Long Blades    | 3 |  3.0
Stealth        | |  0.6
Shields        | |  1.0
Evocations     | |  1.0

Action                   |  1- 3 |  4- 6 |  7- 9 || total
-------------------------+-------+-------+-------++-------
Melee: Mace              |   182 |    30 |       ||   212
       Tailslap          |    21 |    28 |       ||    49
       Long sword        |       |   191 |       ||   191
Throw: Tomahawk          |       |     3 |       ||     3
       Throwing net      |       |     1 |       ||     1
Evoke: Wand              |       |     1 |       ||     1
  Use: Scroll            |     6 |     4 |       ||    10
       Potion            |     1 |     7 |       ||     8
 Stab: Sleeping          |     1 |     1 |       ||     2
       Confused          |       |     1 |       ||     1
  Eat: Chunk             |     3 |     6 |       ||     9
Armor: Skin              |    57 |   100 |       ||   157
Dodge: Dodged            |   116 |   165 |     1 ||   282
